NCAA
BOSTON COLLEGE EAGLES @ PENN STATE NITTANY LIONS
04/16/2024
 
TOP OF THE 1ST
Boston College Eagles batting - Pitching for Penn State Nittany Lions : RHP Derrick Reynolds
Pitching: RHP Derrick Reynolds
Batting: RHB Kane Cooper 0-0: Bunt for hit - play at first, batter OUT! 1-3
Batting: RHB Emory Brooks 0-0: Called Strike
0-1: Ball
1-1: Called Strike
1-2: Ball
2-2: Ball
3-2: Base on Balls
Batting: LHB Dave Cook 0-0: Called Strike
0-1: Foul Ball, location: 2F
0-2: Ball
1-2: Ball
2-2: Ball
3-2: Grounds into double play, 1-6-3 (Groundball, 13)
Top of the 1st over - 0 run(s), 0 hit(s), 0 error(s), 0 left on base; Boston College 0 - Penn State 0
BOTTOM OF THE 1ST
Penn State Nittany Lions batting - Pitching for Boston College Eagles : RHP Ron McDonald
Pitching: RHP Ron McDonald
Batting: LHB Andrew Russell 0-0: Called Strike
0-1: Called Strike
0-2: Ball
1-2: Ball
2-2: Foul Ball, location: 2F
2-2: Fly out, F8 (Flyball, 8LM)
Batting: RHB Bob Cole 0-0: Called Strike
0-1: Ball
1-1: Swinging Strike
1-2: Ball
2-2: SINGLE (Groundball, 6)
Batting: RHB Tom Gordon 0-0: Ball
1-0: Called Strike
1-1: Foul Ball, location: 2F
1-2: Strikes out looking
Batting: RHB Randy Jacobs 0-0: Ball
1-0: Foul Ball, location: 2F
1-1: Called Strike
1-2: Foul Ball, location: 2F
1-2: Ball
2-2: Ball
3-2: Ground out 6-3 (Groundball, 6)
Bottom of the 1st over - 0 run(s), 1 hit(s), 0 error(s), 1 left on base; Boston College 0 - Penn State 0
TOP OF THE 2ND
Boston College Eagles batting - Pitching for Penn State Nittany Lions : RHP Derrick Reynolds
Batting: RHB Vernon Sterling 0-0: Fly out, F8 (Flyball, 89XD)
Batting: SHB Felipe Castro 0-0: Ball
1-0: Ball
2-0: SOLO HOME RUN (Line Drive, 9D), Distance : 365 ft
Batting: RHB Ambrose Brown 0-0: Fly out, F7 (Flyball, 78M)
Batting: RHB Mike Martin 0-0: SINGLE (Line Drive, 9LS)
Batting: RHB Pepe Chávez 0-0: Foul Ball, location: 2F
0-1: Ball
1-1: Ball
2-1: Ball
3-1: Base on Balls
Mike Martin to second
Batting: RHB Will Stafford 0-0: Ball
1-0: Foul Ball, location: 2F
1-1: Ball
2-1: Foul Ball, location: 2F
2-2: Ball
3-2: Base on Balls
Mike Martin to third
Pepe Chávez to second
Batting: RHB Kane Cooper 0-0: Foul Ball, location: 2F
0-1: Ground out 4-3 (Groundball, 4)
Top of the 2nd over - 1 run(s), 2 hit(s), 0 error(s), 3 left on base; Boston College 1 - Penn State 0
BOTTOM OF THE 2ND
Penn State Nittany Lions batting - Pitching for Boston College Eagles : RHP Ron McDonald
Batting: SHB Jim Gibson 0-0: Ball
1-0: Ball
2-0: Called Strike
2-1: SOLO HOME RUN (Flyball, 9LD), Distance : 313 ft
Batting: RHB Johnny Hood 0-0: Ground out 6-3 (Groundball, 6)
Batting: SHB Tony Yan 0-0: Ball
1-0: Foul Ball, location: 2F
1-1: Ball
2-1: Ball
3-1: Base on Balls
Batting: RHB Mark Roy 0-0: Called Strike
0-1: Called Strike
0-2: Foul Ball, location: 2F
0-2: Foul Ball, location: 2F
0-2: Ball
1-2: Ball
2-2: Ball
3-2: Strikes out swinging
Batting: RHB Jeremiah Ward 0-0: Ball
1-0: Called Strike
1-1: Ball
2-1: DOUBLE (Line Drive, 78M)
Tony Yan to third
Runner from 3rd tries for Home, SAFE, no throw or cutoff
Batting: LHB Andrew Russell 0-0: Called Strike
0-1: Ball
1-1: Ball
2-1: Ball
3-1: Base on Balls
Batting: RHB Bob Cole 0-0: Ball
1-0: Ball
2-0: Foul Ball, location: 2F
2-1: Fly out, F8 (Flyball, 8RS)
Bottom of the 2nd over - 2 run(s), 2 hit(s), 0 error(s), 2 left on base; Boston College 1 - Penn State 2
TOP OF THE 3RD
Boston College Eagles batting - Pitching for Penn State Nittany Lions : RHP Derrick Reynolds
Batting: RHB Emory Brooks 0-0: Ball
1-0: Ball
2-0: Called Strike
2-1: Ground out 6-3 (Groundball, 6)
Batting: LHB Dave Cook 0-0: SINGLE (Line Drive, 56D)
Batting: RHB Vernon Sterling 0-0: Called Strike
0-1: Ball
1-1: Ball
2-1: Grounds into double play, 6-4-3 (Groundball, 6)
Top of the 3rd over - 0 run(s), 1 hit(s), 0 error(s), 0 left on base; Boston College 1 - Penn State 2
BOTTOM OF THE 3RD
Penn State Nittany Lions batting - Pitching for Boston College Eagles : RHP Ron McDonald
Batting: RHB Tom Gordon 0-0: Called Strike
0-1: Called Strike
0-2: Strikes out swinging
Batting: RHB Randy Jacobs 0-0: Called Strike
0-1: Ball
1-1: Called Strike
1-2: Ball
2-2: Ball
3-2: Strikes out swinging
Batting: SHB Jim Gibson 0-0: Called Strike
0-1: Ball
1-1: Ball
2-1: Ball
3-1: Foul Ball, location: 2F
3-2: Base on Balls
Batting: RHB Johnny Hood 0-0: Ball
1-0: DOUBLE (Line Drive, 5L)
Jim Gibson to third
Batting: SHB Tony Yan 0-0: 3-RUN HOME RUN (Flyball, 9D), Distance : 345 ft
Batting: RHB Mark Roy 0-0: Swinging Strike
0-1: Swinging Strike
0-2: Strikes out swinging
Bottom of the 3rd over - 3 run(s), 2 hit(s), 0 error(s), 0 left on base; Boston College 1 - Penn State 5
TOP OF THE 4TH
Boston College Eagles batting - Pitching for Penn State Nittany Lions : RHP Derrick Reynolds
Batting: SHB Felipe Castro 0-0: Ball
1-0: Ball
2-0: Ball
3-0: Base on Balls
Batting: RHB Ambrose Brown 0-0: Ball
1-0: Foul Ball, location: 2F
1-1: Ball
2-1: Fielders Choice at 2nd, 3-6 (Groundball, 34)
Batting: RHB Mike Martin 0-0: Called Strike
0-1: Fly out, F7 (Line Drive, 7D)
Batting: RHB Pepe Chávez 0-0: SINGLE (Flyball, 8RS)
Ambrose Brown to second
Batting: RHB Will Stafford 0-0: Fielders Choice at 2nd, 5-4 (Groundball, 56)
Top of the 4th over - 0 run(s), 1 hit(s), 0 error(s), 1 left on base; Boston College 1 - Penn State 5
BOTTOM OF THE 4TH
Penn State Nittany Lions batting - Pitching for Boston College Eagles : RHP Ron McDonald
Batting: RHB Jeremiah Ward 0-0: Called Strike
0-1: Foul Ball, location: 2F
0-2: Ball
1-2: Strikes out swinging
Batting: LHB Andrew Russell 0-0: Foul Ball, location: 2F
0-1: Called Strike
0-2: Ball
1-2: Strikes out swinging
Batting: RHB Bob Cole 0-0: Ball
1-0: Fly out, F8 (Flyball, 8LM)
Bottom of the 4th over - 0 run(s), 0 hit(s), 0 error(s), 0 left on base; Boston College 1 - Penn State 5
TOP OF THE 5TH
Boston College Eagles batting - Pitching for Penn State Nittany Lions : RHP Derrick Reynolds
Batting: RHB Kane Cooper 0-0: Ball
1-0: TRIPLE (Line Drive, 8RM)
Batting: RHB Emory Brooks 0-0: Called Strike
0-1: Ball
1-1: Ball
2-1: Ball
3-1: Fly out, F7 (Flyball, 78S)
Batting: LHB Dave Cook 0-0: Foul Ball, location: 2F
0-1: Swinging Strike
0-2: Fly out, F8 (Flyball, 8RM)
Runner from 3rd tags up, SCORES, no throw
Batting: RHB Vernon Sterling 0-0: Ball
1-0: Ball
2-0: Called Strike
2-1: Foul Ball, location: 2F
2-2: Ball
3-2: Base on Balls
Batting: SHB Felipe Castro 0-0: Ball
Wild Pitch!
Vernon Sterling to second
1-0: Called Strike
1-1: Foul Ball, location: 2F
1-2: Fly out, F5 (Popup, 5F)
Top of the 5th over - 1 run(s), 1 hit(s), 0 error(s), 1 left on base; Boston College 2 - Penn State 5
BOTTOM OF THE 5TH
Penn State Nittany Lions batting - Pitching for Boston College Eagles : RHP Ron McDonald
Pitching: LHP Lou Gill
Batting: RHB Tom Gordon 0-0: Ball
1-0: Ball
2-0: Foul Ball, location: 2F
2-1: Swinging Strike
2-2: Ball
3-2: Foul Ball, location: 2F
3-2: Ground out 4-3 (Groundball, 4)
Batting: RHB Randy Jacobs 0-0: Ball
1-0: Ball
2-0: Called Strike
2-1: Fly out, F6 (Popup, 6)
Batting: SHB Jim Gibson 0-0: Called Strike
0-1: Foul Ball, location: 2F
0-2: Strikes out swinging
Bottom of the 5th over - 0 run(s), 0 hit(s), 0 error(s), 0 left on base; Boston College 2 - Penn State 5
TOP OF THE 6TH
Boston College Eagles batting - Pitching for Penn State Nittany Lions : RHP Derrick Reynolds
Batting: RHB Ambrose Brown 0-0: SINGLE (Line Drive, 56)
Batting: RHB Mike Martin 0-0: Called Strike
0-1: Ball
1-1: Ball
2-1: Ball
3-1: SINGLE (Groundball, 6MD) (infield hit)
Ambrose Brown to second
Batting: RHB Pepe Chávez 0-0: Ball
1-0: Called Strike
1-1: Swinging Strike
1-2: Ball
2-2: Strikes out swinging
Pitching: RHP Ed Sorensen
Batting: RHB Will Stafford 0-0: Called Strike
Ambrose Brown steals 3rd base
Mike Martin to second
0-1: Foul Ball, location: 2F
0-2: Strikes out swinging
Batting: RHB Kane Cooper 0-0: Ball
1-0: Foul Ball, location: 2F
1-1: Fly out, F8 (Flyball, 8RM)
Top of the 6th over - 0 run(s), 2 hit(s), 0 error(s), 2 left on base; Boston College 2 - Penn State 5
BOTTOM OF THE 6TH
Penn State Nittany Lions batting - Pitching for Boston College Eagles : LHP Lou Gill
Batting: RHB Johnny Hood 0-0: Called Strike
0-1: Called Strike
0-2: Ball
1-2: Foul Ball, location: 2F
1-2: Strikes out swinging
Batting: SHB Tony Yan 0-0: Fly out, F1 (Popup, 23)
Batting: RHB Mark Roy 0-0: Foul Ball, location: 2F
0-1: Swinging Strike
0-2: Foul Ball, location: 2F
0-2: Foul Ball, location: 2F
0-2: Strikes out swinging
Bottom of the 6th over - 0 run(s), 0 hit(s), 0 error(s), 0 left on base; Boston College 2 - Penn State 5
TOP OF THE 7TH
Boston College Eagles batting - Pitching for Penn State Nittany Lions : RHP Ed Sorensen
Batting: RHB Emory Brooks 0-0: Ball
1-0: Ball
2-0: Called Strike
2-1: Foul Ball, location: 2F
2-2: Ground out 6-3 (Groundball, 56)
Batting: LHB Dave Cook 0-0: Ball
1-0: Ball
2-0: Ball
3-0: Base on Balls
Batting: RHB Vernon Sterling 0-0: Ground out 4-3 (Groundball, 4M)
Dave Cook to second
Batting: SHB Felipe Castro 0-0: Ball
1-0: Called Strike
1-1: Swinging Strike
1-2: Ball
2-2: Ball
3-2: Ground out U3 (Groundball, 3L)
Top of the 7th over - 0 run(s), 0 hit(s), 0 error(s), 1 left on base; Boston College 2 - Penn State 5
BOTTOM OF THE 7TH
Penn State Nittany Lions batting - Pitching for Boston College Eagles : LHP Lou Gill
Pitching: LHP Francisco Rodríguez
Batting: RHB Jeremiah Ward 0-0: Called Strike
0-1: Bunted foul
0-2: Ground out 5-3 (Groundball, 56)
Batting: LHB Andrew Russell 0-0: Called Strike
0-1: Foul Ball, location: 2F
0-2: Ball
1-2: Ground out 1-3 (Groundball, 15)
Batting: RHB Bob Cole 0-0: Called Strike
0-1: Foul Ball, location: 2F
0-2: Ground out 6-3 (Groundball, 6M)
Bottom of the 7th over - 0 run(s), 0 hit(s), 0 error(s), 0 left on base; Boston College 2 - Penn State 5
TOP OF THE 8TH
Boston College Eagles batting - Pitching for Penn State Nittany Lions : RHP Ed Sorensen
Batting: RHB Ambrose Brown 0-0: Called Strike
0-1: Ball
1-1: Called Strike
1-2: Ball
2-2: Ground out 4-3 (Groundball, 4)
Pitching: LHP Bryce Johnston
Batting: RHB Mike Martin 0-0: Ball
1-0: Ball
2-0: Swinging Strike
2-1: Foul Ball, location: 2F
2-2: Ball
3-2: Base on Balls
Pitching: RHP Ralph Anderson
Batting: RHB Pepe Chávez 0-0: Ball
1-0: SINGLE (Groundball, 4MD)
Mike Martin to second
Runner from 2nd tries for 3rd, SAFE, no throw or cutoff
Batting: RHB Will Stafford 0-0: Called Strike
0-1: DOUBLE (Line Drive, 7LM)
Mike Martin scores
Pepe Chávez to third
Batting: RHB Kane Cooper 0-0: Ball
1-0: Called Strike
1-1: Ball
2-1: Foul Ball, location: 2F
2-2: Ball
3-2: Strikes out swinging
Batting: RHB Emory Brooks 0-0: Ball
1-0: Swinging Strike
1-1: Ball
2-1: Foul Ball, location: 2F
2-2: Strikes out swinging
Top of the 8th over - 1 run(s), 2 hit(s), 0 error(s), 2 left on base; Boston College 3 - Penn State 5
BOTTOM OF THE 8TH
Penn State Nittany Lions batting - Pitching for Boston College Eagles : LHP Francisco Rodríguez
Batting: RHB Tom Gordon 0-0: SINGLE (Line Drive, 34D)
Batting: RHB Randy Jacobs 0-0: Fly out, F1 (Line Drive, 13S)
Batting: SHB Jim Gibson 0-0: Ball
1-0: SINGLE (Groundball, 6M)
Tom Gordon to second
Batting: RHB Johnny Hood 0-0: Ball
1-0: Swinging Strike
1-1: Called Strike
1-2: Ball
2-2: Foul Ball, location: 2F
2-2: Foul Ball, location: 2F
2-2: Foul Ball, location: 2F
2-2: Foul Ball, location: 2F
2-2: Grounds into double play, 1-4-3 (Groundball, 15)
Bottom of the 8th over - 0 run(s), 2 hit(s), 0 error(s), 1 left on base; Boston College 3 - Penn State 5
TOP OF THE 9TH
Boston College Eagles batting - Pitching for Penn State Nittany Lions : RHP Ralph Anderson
Pitching: LHP Josh Hammond
Now at C: Tony Jones
Batting: LHB Dave Cook 0-0: Ball
1-0: Foul Ball, location: 2F
1-1: Foul Ball, location: 2F
1-2: Ground out 4-3 (Groundball, 4)
Batting: RHB Vernon Sterling 0-0: Called Strike
0-1: Ball
1-1: Swinging Strike
1-2: Ball
2-2: Ball
3-2: Foul Ball, location: 2F
3-2: Strikes out swinging, 2-3 out at first.
Batting: SHB Felipe Castro 0-0: Ball
1-0: Ball
2-0: Ball
3-0: Base on Balls
Pinch Hitting: RHB Bob Reid 0-0: Ball
1-0: Ball
2-0: Called Strike
2-1: Ball
3-1: Foul Ball, location: 2F
3-2: Strikes out swinging
Top of the 9th over - 0 run(s), 0 hit(s), 0 error(s), 1 left on base; Boston College 3 - Penn State 5
This league is powered by Out of the Park Baseball, the baseball management simulation game for PC, Mac and Linux
Saturday, April 9th, 2016 - OOTP Baseball 16.8 Build 38